 Dungeon Crawl Stone Soup version 0.30-a0-986-g7f2e898f52 (webtiles) character file.

Game seed: 12060626528082748950

63 DeathPants the Cudgeller (level 4, -2/23 HPs)
             Began as a Vine Stalker Reaver on Apr 1, 2023.
             Slain by a gnoll
             ... wielding a +0 spear
              (4 damage)
             ... on level 2 of the Dungeon.
             The game lasted 00:05:25 (2026 turns).

DeathPants the Cudgeller (Vine Stalker Reaver)      Turns: 2026, Time: 00:05:26

Health: -2/23      AC:  4    Str: 16    XL:     4   Next: 9%
Magic:  0/9        EV: 11    Int: 13    God:
Gold:   59         SH:  0    Dex: 13    Spells: 7/8 levels left

rFire   . . .      SeeInvis .    b - +0 quarterstaff
rCold   . . .      Faith    .    (shield currently unavailable)
rNeg    . . .      Spirit   +    n - +0 troll leather armour
rPois   .          Reflect  .    (no helmet)
rElec   .          Rampage  .    (no cloak)
rCorr   .                        (no gloves)
Will    +....                    (no boots)
Stlth   +                        (no amulet)
HPRegen 1.83/turn                h - ring of flight
MPRegen 0.11/turn                e - ring of willpower

@: flying
A: fangs 2, regeneration 1, magic shield, antimagic bite, no potion heal 2
a: no special abilities


You were on level 2 of the Dungeon.
You visited 1 branch of the dungeon, and saw 3 of its levels.

You collected 59 gold pieces.

Inventory:

Hand Weapons
 a - a +0 mace
 b - a +0 quarterstaff (weapon)
Missiles
 d - 3 poisoned darts
 o - 2 atropa-tipped darts
Armour
 i - a +0 leather armour
 n - a +0 troll leather armour (worn)
Jewellery
 c - a ring of see invisible
 e - a ring of willpower (right hand)
 h - a ring of flight (left hand)
Scrolls
 f - a scroll of teleportation {unknown}
 l - a scroll of noise {unknown}
Potions
 g - a potion of resistance
 j - 2 potions of heal wounds {unknown}
 k - a potion of curing {unknown}
 m - 3 potions of mutation {unknown}


   Skills:
 + Level 2.3 Fighting
 + Level 3.2 Maces & Flails
 - Level 1.5 Dodging
 + Level 2.9 Spellcasting
 - Level 3.0 Conjurations
 + Level 1.5 Necromancy


You had 7 spell levels left.
You knew the following spells:

 Your Spells              Type           Power      Damage    Failure   Level
a - Kiss of Death         Conj/Necr      28%        2d7       11%         1

Your spell library contained the following spells:

 Spells                   Type           Power      Damage    Failure   Level
 Momentum Strike          Conj/Tloc      10%        3d8       24%         2
 Hailstorm                Conj/Ice       5%         3d4       43%         3
 Call Canine Familiar     Summ           1%         N/A       65%         3
 Portal Projectile        Hex/Tloc       2%         N/A       65%         3
 Leda's Liquefaction      Hex/Erth       0%         N/A       96%         4


Dungeon Overview and Level Annotations

Branches:
Dungeon (3/15)

Altars:


Innate Abilities, Weirdness & Mutations

You have extremely sharp teeth.
Your natural rate of healing is unusually fast.
When hurt, damage is shared between your health and your magic reserves.
Your bite disrupts and absorbs the magic of your enemies.
Potions cannot restore your health.


Message History

You throw an atropa-tipped dart.
The atropa-tipped dart barely misses the gnoll.
Throw: 3 darts (atropa)
Press: ? - help, Shift-Dir - straight line, f/p - gnoll
Aim: a gnoll, wielding a +0 spear (61% to hit, chance to blind on hit: 100%)
You throw an atropa-tipped dart. The atropa-tipped dart hits the gnoll.
The gnoll appears confused.
The gnoll seems less confused.
The gnoll hits you from afar with a +0 spear.
The gnoll shouts! x2
The gnoll closely misses you.
You catch the helpless gnoll completely off-guard!
You hit the gnoll.
The gnoll is lightly wounded.
The gnoll barely misses you.
You barely miss the gnoll. You bite the gnoll. You drain its power.
You feel invigorated.
The gnoll is lightly wounded.
The gnoll is no longer blind.
The gnoll barely misses you. x2
You hit the gnoll.
The gnoll is moderately wounded.
The gnoll drinks a potion.
The gnoll suddenly seems more resistant.
The gnoll hits you from afar with a +0 spear.
You barely miss the gnoll. Your bite misses the gnoll.
The gnoll is moderately wounded.
The gnoll hits you with a +0 spear. The gnoll closely misses you.
You thump the gnoll!
The gnoll is almost dead.
The gnoll barely misses you.
The gnoll hits you from afar with a +0 halberd.
The gnoll hits you from afar with a +0 spear.
You barely miss the gnoll. You bite the gnoll, but do no damage.
The gnoll is almost dead.
The gnoll hits you with a +0 spear. The gnoll barely misses you.
The gnoll hits you but does no damage. The gnoll hits you with a +0 spear.
The gnoll hits you from afar with a +0 halberd!
* * * LOW HITPOINT WARNING * * *
The gnoll hits you from afar with a +0 spear.
You die...

#g# ### #.# ## #
##'## .. .# ##...##
.#.(# ##.....##
.#..###.......## ##
....##....)....#
#.###gg...'.........'
#.#@.g#.##.........#
#.#.## ##.......##
#.#.# ##.....## #.#..
##...## #.#### ##'##
#.# #.# #.#
########.##### #.#
#............. #.#
#.#####...####


You could see 3 gnolls.

Vanquished Creatures
  A gnoll (D:2)
  2 worms (D:2)
  4 ball pythons
  6 bats
  4 endoplasms (D:1)
  2 giant cockroaches (D:1)
  7 goblins
  5 hobgoblins
  5 quokkas
  A frilled lizard (D:1)
  3 kobolds (D:1)
  4 rats
44 creatures vanquished.

Notes
Turn   | Place    | Note
-------+----------+-------------------------------------------
     0 | D:1      | DeathPants the Vine Stalker Reaver began the quest for the
                  | Orb.
     0 | D:1      | Reached XP level 1. HP: 11/11 MP: 4/4
   267 | D:1      | Reached XP level 2. HP: 15/15 MP: 6/6
   807 | D:1      | Reached skill level 1 in Necromancy
   813 | D:1      | Reached XP level 3. HP: 18/18 MP: 4/7
  1480 | D:3      | Gained mutation: Your natural rate of healing is unusually
                  | fast. [Vine Stalker growth]
  1480 | D:3      | Reached XP level 4. HP: 22/22 MP: 7/9
  2026 | D:2      | Slain by a gnoll

Illustrated notes

Levels and vault maps discovered:
D:1:      ncdulo_smallfort, layout_loops_cross, hangedman_decor_lopped,
          nicolae_hexahallways
D:2:      layout_loops_corners
D:3:      layout_loops_corners, lemuel_tele_altar

Skill      XL: |  1  2 |
---------------+-------+-----
Fighting       | 2 |  2.3
Maces & Flails | 3 |  3.2
Necromancy     | 1 |  1.5
Dodging        | |  1.5
Spellcasting   | |  2.9
Conjurations   | |  3.0

Action                     |  1- 3 |  4- 6 || total
---------------------------+-------+-------++-------
  Melee: Mace              |   119 |       ||   119
         Bite              |    20 |     3 ||    23
         Quarterstaff      |       |    12 ||    12
  Throw: Dart              |       |     2 ||     2
   Cast: Kiss of Death     |     1 |       ||     1
    Use: Scroll            |     2 |       ||     2
   Stab: Sleeping          |     1 |       ||     1
         Invisible         |       |     1 ||     1
 Armour: Leather armour    |    39 |     1 ||    40
         Troll leather arm |       |     2 ||     2
  Dodge: Dodged            |    71 |    13 ||    84

Table legend: (Time is in decaauts)
 A = Elapsed time spent in this place.
 B = Non-inter-level travel time spent in this place.
 C = Inter-level travel time spent in this place.
 D = Time resting spent in this place.
 E = Time spent auto-exploring this place.
 F = Levels seen in this place.
 G = Mean time per level.
                   A        B        C        D        E       F      G
               +--------+--------+--------+--------+--------+-----+--------+
         Total |   2056 |   2016 |     40 |      8 |   1486 |   3 |  685.3 |
       Dungeon |   2056 |   2016 |     40 |      8 |   1486 |   3 |  685.3 |
               +--------+--------+--------+--------+--------+-----+--------+

Top non-repeatable levels by time:
     D:1: 1076 daAuts
     D:2: 948 daAuts
     D:3: 31 daAuts
